 Dungeon Crawl Stone Soup version 0.18.1-48-g4cf74bf (webtiles) character file.

861 RepoMan the Chopper (level 8, -3/58 HPs)
             Began as a Formicid Fighter on Sept 2, 2016.
             Was a Follower of the Shining One.
             Slain by Menkaure (14 damage)
             ... on level 4 of the Dungeon.
             The game lasted 00:20:07 (2919 turns).

RepoMan the Chopper (Formicid Fighter)              Turns: 2919, Time: 00:20:07

Health: -3/58      AC:  9    Str: 21    XL:     8   Next: 22%
Magic:  8/8        EV:  9    Int:  8    God:    the Shining One [*.....]
Gold:   199        SH: 10    Dex: 12    Spells: 0 memorised, 7 levels left

rFire  . . .     SeeInvis +     a - +0 war axe
rCold  . . .     Gourm    .     b - +0 scale mail
rNeg   . . .     Faith    .     c - +0 shield
rPois  .         Spirit   .     (helmet unavailable)
rElec  .         Dismiss  .     p - +0 cloak (curse)
rCorr  .         Reflect  .     (no gloves)
SustAt .         Harm     .     q - +0 pair of boots
MR     .....                    (no amulet)
Stlth  ..........               (no ring)
                                (no ring)

@: glowing, not resistant to hostile enchantments, extremely unstealthy
A: permanent stasis, dig shafts and tunnels, four strong arms, antennae 3
a: Dig, Shaft Self, Renounce Religion


You were on level 4 of the Dungeon.
You worshipped the Shining One.
The Shining One was aware of your devotion.
You were not hungry.

You visited 2 branches of the dungeon, and saw 5 of its levels.

You collected 199 gold pieces.

Inventory:

Hand Weapons
 a - a +0 war axe (weapon)
Missiles
 l - 25 bolts
Armour
 b - a +0 scale mail (worn)
 c - a +0 shield (worn)
 p - a cursed +0 cloak (worn)
 q - a +0 pair of boots (worn)
Jewellery
 s - an uncursed ring of fire {unknown}
Scrolls
 d - a scroll of random uselessness {unknown}
 e - 3 scrolls of identify {unknown}
 h - a scroll of fear {unknown}
 k - 2 scrolls of recharging {unknown}
 r - a scroll of teleportation {unknown}
 y - a scroll of remove curse {unknown}
 z - a scroll of immolation {unknown}
 A - a scroll of blinking {unknown}
 B - a scroll of enchant weapon {unknown}
Potions
 i - a potion of heal wounds {unknown}
 m - 2 potions of magic
 t - a potion of resistance {unknown}
 v - a potion of berserk rage {unknown}
 w - 2 potions of ambrosia {unknown}
 x - 2 potions of invisibility {unknown}
Comestibles
 f - 2 bread rations
 j - 4 fruits
 n - a meat ration
 o - 4 chunks of flesh
 u - 2 slices of pizza


   Skills:
 - Level 3.2 Fighting
 * Level 7.5 Axes
 - Level 3.2 Armour
 + Level 6.8 Shields


You had 7 spell levels left.
You didn't know any spells.

Dungeon Overview and Level Annotations

Branches:
Dungeon (4/15)             Temple (1/1) D:4

Altars:
Elyvilon
Gozag
Kikubaaqudgha
Makhleb
Nemelex Xobeh
Vehumet
Xom
The Shining One

Annotations:
D:4 Menkaure


Innate Abilities, Weirdness & Mutations

You are under a permanent stasis effect.
You can dig through walls and to a lower floor.
Your four strong arms can wield two-handed weapons with a shield.
You have a pair of large antennae on your head (SInv).


Message History

Okay, then.
Drink which item? (? for menu, Esc to quit)
It was a potion of curing.
You feel better.
Menkaure calls on the powers of darkness!
Your body is wracked with pain!
* * * LOW HITPOINT WARNING * * *
Drink which item? (? for menu, Esc to quit)
You feel better. You block Menkaure's attack.
You hit Menkaure.
Menkaure is heavily damaged.
Menkaure hits you but does no damage.
You slash Menkaure!
Menkaure is severely damaged.
Menkaure calls on the powers of darkness!
Your body is wracked with pain!
* * * LOW HITPOINT WARNING * * *
You hit Menkaure.
Menkaure is severely damaged.
Menkaure hits you!
You die...

#.# #.# #.# #.# ..#
#.# #.#########.##
## ......M......#
... #.# #@.....#
.o.# #.# #.####.#
o.### #.# #.# #.#
.... #.# #.# #)#
#.. #.# #.# #)#
#..###)#####.####(#
#....))..>......#.#
#.#############.#.#
# #.#.#


You could see Menkaure.

Vanquished Creatures
  The ghost of dricus the Chopper, an amateur HOFi of Okawaru (D:3)
  Sigmund (D:4)
  2 gnoll shamans
  An orc priest (D:4)
  Ijyb (D:2)
  Natasha (thrice) (D:2)
  An orc wizard (D:4)
  A worker ant (D:4)
  A hound skeleton (D:4)
  9 gnolls
  6 adders
  2 oozes
  2 worms
  A dart slug (D:1)
  2 giant geckos
  2 orcs (D:4)
  3 ball pythons
  3 giant cockroaches
  6 goblins
  9 hobgoblins
  7 jackals
  2 quokkas (D:3)
  9 bats
  6 giant newts
  5 kobolds
  10 rats
96 creatures vanquished.

Notes
Turn   | Place    | Note
--------------------------------------------------------------
     0 | D:1      | RepoMan the Formicid Fighter began the quest for the Orb.
     0 | D:1      | Reached XP level 1. HP: 18/18 MP: 1/1
    63 | D:1      | Reached XP level 2. HP: 13/24 MP: 2/2
   319 | D:1      | Reached XP level 3. HP: 25/29 MP: 3/3
   347 | D:1      | Reached skill level 3 in Axes
   672 | D:2      | Found a white marble altar of Elyvilon.
   683 | D:2      | Became a worshipper of Elyvilon the Healer
   734 | D:2      | Reached XP level 4. HP: 33/35 MP: 4/4
   751 | D:2      | Noticed Ijyb
   757 | D:2      | Killed Ijyb
   984 | D:2      | Reached skill level 4 in Axes
   986 | D:2      | Noticed Natasha
   995 | D:2      | Killed Natasha
   995 | D:2      | Reached XP level 5. HP: 29/41 MP: 5/5
  1003 | D:2      | Noticed Natasha
  1011 | D:2      | Killed Natasha
  1086 | D:2      | Found an opulent altar of Gozag.
  1128 | D:2      | Noticed Natasha
  1134 | D:2      | Killed Natasha
  1152 | D:2      | You fall through a shaft for 2 floors!
  1152 | D:4      | Found a staircase to the Ecumenical Temple.
  1156 | Temple   | Entered the Ecumenical Temple
  1156 | Temple   | Reached * piety under Elyvilon
  1224 | Temple   | Fell from the grace of Elyvilon
  1224 | Temple   | Became a worshipper of the Shining One
  1258 | D:4      | Reached skill level 5 in Shields
  1310 | D:4      | Noticed Sigmund
  1315 | D:4      | Reached skill level 5 in Axes
  1315 | D:4      | Reached XP level 6. HP: 43/47 MP: 6/6
  1475 | D:3      | Noticed dricus's ghost (amateur HOFi)
  1921 | D:3      | Killed dricus's ghost
  1921 | D:3      | Reached skill level 6 in Axes
  1921 | D:3      | Reached XP level 7. HP: 29/52 MP: 7/7
  2074 | D:3      | Reached * piety under the Shining One
  2547 | D:4      | Killed Sigmund
  2547 | D:4      | Reached skill level 7 in Axes
  2547 | D:4      | Reached XP level 8. HP: 49/58 MP: 8/8
  2897 | D:4      | Noticed Menkaure
  2919 | D:4      | Slain by Menkaure

Skill      XL: |  1  2  3  4  5  6  7 |
---------------+----------------------+-----
Shields        | 4 5 6 |  6.8
Axes           | 3 4 5 6 7 |  7.5
Fighting       | |  3.2
Armour         | |  3.2

Action                   |  1- 3 |  4- 6 |  7- 9 || total
-------------------------+-------+-------+-------++-------
Melee: War axe           |    68 |   142 |    72 ||   282
 Abil: Dig               |       |     1 |       ||     1
  Use: Potion            |       |       |     4 ||     4
  Eat: Chunk             |       |     3 |     4 ||     7
Armor: Scale mail        |    36 |    62 |    20 ||   118
Dodge: Dodged            |    24 |    41 |    11 ||    76
Block: Shield            |    41 |    76 |    32 ||   149
